 Dungeon Crawl Stone Soup version 0.29.1-1-gd02db6906a (webtiles) character file.

Game seed: 3849840124036427492

7 fireball365 the Digger (level 1, 0/14 HPs)
             Began as a Demigod Earth Elementalist on Oct 4, 2022.
             Slain by a quokka (4 damage)
             ... on level 1 of the Dungeon.
             The game lasted 00:01:23 (270 turns).

fireball365 the Digger (Demigod Earth Elementalist)  Turns: 270, Time: 00:01:23

Health: 0/14       AC:  2    Str:  9    XL:     1   Next: 73%
Magic:  1/5        EV: 12    Int: 17    God:
Gold:   45         SH:  0    Dex: 14    Spells: 3/4 levels left

rFire   . . .      SeeInvis .   d - +0 whip
rCold   . . .      Faith    .   (no shield)
rNeg    . . .      Spirit   .   a - +0 robe
rPois   .          Reflect  .   (no helmet)
rElec   .          Harm     .   (no cloak)
rCorr   .          Rampage  .   (no gloves)
Will    .....                   (no boots)
Stlth   ++........              (no amulet)
HPRegen 0.04/turn               (no ring)
MPRegen 0.09/turn               (no ring)

@: very slightly contaminated
A: high MP 1, forlorn, divine attributes
a: no special abilities


You were on level 1 of the Dungeon.
You visited 1 branch of the dungeon, and saw 1 of its levels.

You collected 45 gold pieces.

Inventory:

Hand Weapons
 d - a +0 whip (weapon)
Armour
 a - a +0 robe (worn)
Scrolls
 e - a scroll of amnesia {unknown}
Potions
 b - a potion of magic
 c - a potion of cancellation {unknown}


   Skills:
 + Level 1.9 Dodging
 + Level 1.9 Stealth
 + Level 2.0 Spellcasting
 + Level 0.8 Transmutations
 + Level 2.8 Earth Magic


You had 3 spell levels left.
You knew the following spells:

 Your Spells              Type           Power      Damage    Failure   Level
a - Sandblast             Erth           22%        2d7       6%          1

Your spell library contained the following spells:

 Spells                   Type           Power      Damage    Failure   Level
 Passwall                 Tmut/Erth      5%         N/A       14%         2
 Stone Arrow              Conj/Erth      12%        3d7       32%         3
 Petrify                  Tmut/Erth      7%         N/A       65%         4


Dungeon Overview and Level Annotations

Branches:
Dungeon (1/15)


Innate Abilities, Weirdness & Mutations

You have an increased reservoir of magic. (+10% MP)
You shall have no god before yourself.
Your divine heritage dramatically boosts your attributes as you level up.


Message History

The giant cockroach misses you.
You hit the giant cockroach.
The giant cockroach is moderately wounded.
The giant cockroach closely misses you. The giant cockroach barely misses you.
The blast of sand hits the giant cockroach.
The giant cockroach is heavily wounded.
The giant cockroach closely misses you.
The blast of sand hits the giant cockroach.
You kill the giant cockroach!
Your Spellcasting skill increases to level 2!
A quokka comes into view.
Found a hand axe and a black potion.
The blast of sand hits the quokka.
The quokka is heavily wounded.
A frilled lizard comes into view.
You miscast Sandblast.
You are very lightly contaminated with residual magic.
Nothing appears to happen.
The quokka bites you.
The blast of sand misses the quokka.
The quokka barely misses you. The quokka bites you.
You miscast Sandblast.
Nothing appears to happen.
The quokka bites you.
You are too injured to fight recklessly!
You are too injured to fight recklessly!
You are too injured to fight recklessly!
You are too injured to fight recklessly!
You are too injured to fight recklessly!
Casting: Sandblast (safe; 6% risk of failure)
Confirm with . or Enter, or press ? or * to list all spells.
You don't have enough magic to cast this spell.
You are too injured to fight recklessly!
Casting: Sandblast (safe; 6% risk of failure)
Confirm with . or Enter, or press ? or * to list all spells.
You don't have enough magic to cast this spell.
You closely miss the quokka.
The quokka is heavily wounded.
The quokka closely misses you. The quokka bites you.
* * * LOW HITPOINT WARNING * * *
The quokka attacks as you move away! The quokka closely misses you.
The quokka attacks as you move away! The quokka bites you.
You die...

#.# #.# # #.#
#.# #.####.#
...#.
#......##..!...
######.l.l...).
#.#####..# #r#
#@# #.# #.# #.#
#.# #.# #.# #.#
#. .# #####.#
.. .#


You could see a quokka and a frilled lizard.

Vanquished Creatures
  A ball python (D:1)
  An endoplasm (D:1)
  A giant cockroach (D:1)
  A kobold (D:1)
  A quokka (D:1)
  A rat (D:1)
6 creatures vanquished.

Notes
Turn   | Place    | Note
-------+----------+-------------------------------------------
     0 | D:1      | fireball365 the Demigod Earth Elementalist began the quest
                  | for the Orb.
     0 | D:1      | Reached XP level 1. HP: 14/14 MP: 5/5
   270 | D:1      | Slain by a quokka

Illustrated notes

Levels and vault maps discovered:
D:1:      lightli_arrival_quake, layout_loops_ring,
          shapermc_ecumenical_altar_mp_urbaneastern, minmay_misc_feat_doors

Skill      XL: |  1 |
---------------+----+-----
Spellcasting   | 2 |  2.0
Dodging        | |  1.9
Stealth        | |  1.9
Transmutations | |  0.8
Earth Magic    | |  2.8

Action                   || total
-------------------------++-------
Melee: Whip              ||     2
 Cast: Sandblast         ||    12
Dodge: Dodged            ||    11
